 Dungeon Crawl Stone Soup version 0.31-a0-4-gefa6de2278 (webtiles) character file.

Game seed: 6874618871670872805

0 subawu the Stinger (level 1, 0/13 HPs)
             Began as a Merfolk Venom Mage on May 4, 2023.
             Slain by a frilled lizard (2 damage)
             ... on level 1 of the Dungeon.
             The game lasted 00:00:56 (124 turns).

subawu the Stinger (Merfolk Venom Mage)              Turns: 124, Time: 00:00:57

Health: 0/13       AC:  3    Str:  8    XL:     1   Next: 10%
Magic:  3/3        EV: 12    Int: 14    God:
Gold:   0          SH:  0    Dex: 14    Spells: 3/4 levels left

rFire   . . .        d - +0 whip
rCold   . . .        (no shield)
rNeg    . . .        f - +0 robe
rPois   .            (no helmet)
rElec   .            g - +0 cloak
rCorr   .            (no gloves)
SInv    .            (no boots)
Will    .....        (no amulet)
Stlth   ++           (no ring)
HPRegen 0.22/turn    (no ring)
MPRegen 0.08/turn

%: no passive effects
@: no status effects
A: (nimble swimmer 2), mertail
a: no special abilities


You were on level 1 of the Dungeon.
You visited 1 branch of the dungeon, and saw 1 of its levels.

Inventory:

Hand Weapons
 d - a +0 whip (weapon)
Armour
 a - a +0 robe
 f - a +0 robe (worn)
 g - a +0 cloak (worn)
Scrolls
 e - a scroll of blinking {unknown}
Potions
 b - a potion of magic
 c - 2 potions of curing {unknown}


   Skills:
 + Level 2.6 Dodging
 + Level 2.1 Stealth
 + Level 2.0 Spellcasting
 + Level 1.3 Transmutations
 + Level 3.3 Poison Magic


You had 3 spell levels left.
You knew the following spells:

 Your Spells              Type           Power      Damage    Failure   Level
a - Sting                 Tmut/Pois      28%        1d4       9%          1

Your spell library contained the following spells:

 Spells                   Type           Power      Damage    Failure   Level
 Poisonous Vapours        Pois/Air       12%        N/A       19%         2
 Mephitic Cloud           Conj/Pois/Air  4%         N/A       41%         3
 Olgreb's Toxic Radiance  Pois           10%        N/A       52%         4


Dungeon Overview and Level Annotations

Branches:
Dungeon (1/15)

Altars:


Innate Abilities, Weirdness & Mutations

((You are very nimble when in or above water. (Stealth+, EV+, Speed+++)))
Your lower body shifts to a powerful aquatic tail in water.


Message History

The bat hits you but does no damage. The hobgoblin hits you.
You continue putting on your +0 cloak.
The bat barely misses you. The hobgoblin closely misses you.
The bat closely misses you.
You continue putting on your +0 cloak.
The hobgoblin barely misses you. The bat hits you but does no damage.
You finish putting on your +0 cloak.
You closely miss the bat. The bat barely misses you. The hobgoblin misses you.
You closely miss the bat. The bat barely misses you.
The hobgoblin barely misses you.
You hit the bat.
The bat is severely wounded.
The bat hits you but does no damage. The bat misses you.
The hobgoblin completely misses you.
You barely miss the bat.
The bat is severely wounded.
The bat closely misses you. x2
The hobgoblin hits you but does no damage.
The bat hits you but does no damage.
You closely miss the bat.
The bat is severely wounded.
The bat hits you.
The hobgoblin hits you but does no damage.
You completely miss the bat.
The bat is severely wounded.
The bat hits you but does no damage. The hobgoblin hits you.
You hit the bat.
You kill the bat!
The hobgoblin closely misses you.
You closely miss the quokka. The quokka bites you.
* * * LOW HITPOINT WARNING * * *
The hobgoblin closely misses you. The quokka barely misses you.
You hit the quokka.
The quokka is almost dead.
The hobgoblin barely misses you. The quokka closely misses you.
You hit the quokka.
You kill the quokka!
The hobgoblin hits you but does no damage.
The frilled lizard bites you.
You die...

#.# #......?..#
#.# #.........#
#.# #.........#
#.# #......... #.#
#.......# #.#
#.......#
#g###.......######
#@l.....(.........
#####.......######
#.......#
#.......#
#.......#
#########


You could see a hobgoblin and a frilled lizard.

Vanquished Creatures
  A quokka (D:1)
  A bat (D:1)
2 creatures vanquished.

Notes
Turn   | Place    | Note
-------+----------+-------------------------------------------
     0 | D:1      | subawu the Merfolk Venom Mage began the quest for the Orb.
     0 | D:1      | Reached XP level 1. HP: 13/13 MP: 3/3
   124 | D:1      | Slain by a frilled lizard

Illustrated notes

Levels and vault maps discovered:
D:1:      giann_bridges, layout_basic, hellmonk_ecumenical_altar_heavens_door,
          hangedman_decor_peaks_small

Action                     || total
---------------------------++-------
  Melee: Whip              ||    17
 Armour: Robe              ||    16
  Dodge: Dodged            ||    33

Table legend: (Time is in decaauts)
 A = Elapsed time spent in this place.
 B = Non-inter-level travel time spent in this place.
 C = Inter-level travel time spent in this place.
 D = Time resting spent in this place.
 E = Time spent auto-exploring this place.
 F = Levels seen in this place.
 G = Mean time per level.
                   A        B        C        D        E       F      G
               +--------+--------+--------+--------+--------+-----+--------+
         Total |    121 |    121 |      0 |      0 |      0 |   1 |  121.0 |
       Dungeon |    121 |    121 |      0 |      0 |      0 |   1 |  121.0 |
               +--------+--------+--------+--------+--------+-----+--------+

Top non-repeatable levels by time:
     D:1: 121 daAuts
